 Dungeon Crawl Stone Soup version 0.28.0-53-g5a82cb258f (webtiles) character file.

Game seed: 1357889767684428908

189 Ashen the Ogre Mage (level 5, -31/49 HPs)
             Began as an Ogre Hedge Wizard on June 17, 2022.
             Killed from afar by a kobold (39 damage)
             ... with a bolt of acid
             ... on level 3 of the Dungeon.
             The game lasted 00:07:35 (4451 turns).

Ashen the Ogre Mage (Ogre Hedge Wizard)             Turns: 4451, Time: 00:07:36

Health: -31/49     AC:  3    Str: 14    XL:     5   Next: 68%
Magic:  6/11       EV: 10    Int: 17    God:
Gold:   159        SH:  0    Dex:  8    Spells: 5/13 levels left

rFire   . . .      SeeInvis .   f - +0 club (vorpal)
rCold   . . .      Faith    .   (no shield)
rNeg    . . .      Spirit   .   b - +0 robe
rPois   .          Reflect  .   c - +0 hat
rElec   .          Harm     .   (no cloak)
rCorr   .          Rampage  .   (gloves unavailable)
Will    .....                   (boots unavailable)
Stlth   ++........              (no amulet)
HPRegen 0.16/turn               (no ring)
MPRegen 0.12/turn               (no ring)

@: on blink cooldown
A: large, unfitting armour, tough skin 1
a: no special abilities


You were on level 3 of the Dungeon.
You visited 1 branch of the dungeon, and saw 4 of its levels.

You collected 159 gold pieces.

Inventory:

Hand Weapons
 f - a +0 vorpal club (weapon)
 m - a +0 mace
Armour
 b - a +0 robe (worn)
 c - a +0 hat (worn)
 l - an orb of mayhem
Jewellery
 a - a ring of resist corrosion
Wands
 p - a wand of iceblast (5)
Scrolls
 d - a scroll of identify {unknown}
 g - a scroll of amnesia {unknown}
 i - a scroll of vulnerability
 j - a scroll of immolation
 n - a scroll of acquirement {unknown}
 o - a scroll of noise {unknown}
 v - a scroll of magic mapping {unknown}
 w - a scroll of fear {unknown}
Potions
 e - a potion of cancellation {unknown}
 h - 2 potions of curing {unknown}
 k - a potion of might {unknown}
 q - a potion of brilliance {unknown}
 r - 2 potions of magic {unknown}
 s - a potion of mutation {unknown}
 t - a potion of berserk rage {unknown}
 u - a potion of heal wounds {unknown}


   Skills:
 + Level 1.9 Fighting
 + Level 1.3 Maces & Flails
 + Level 2.4 Dodging
 + Level 2.0 Stealth
 * Level 4.5 Spellcasting
 + Level 1.7 Conjurations
 + Level 1.7 Summonings
 + Level 1.6 Translocations


You had 5 spell levels left.
You knew the following spells:

 Your Spells              Type           Power      Damage    Failure   Level
a - Magic Dart            Conj           36%        1d4       8%          1
b - Blink                 Tloc           18%        N/A       12%         2
c - Call Imp              Summ           9%         N/A       11%         2
d - Mephitic Cloud        Conj/Pois/Air  5%         N/A       34%         3

Your spell library contained the following spells:

 Spells                   Type           Power      Damage    Failure   Level
 Slow                     Hex            12%        N/A       16%         1
 Conjure Flame            Conj/Fire      6%         6-21      32%         3


Dungeon Overview and Level Annotations

Branches:
Dungeon (4/15)
 Temple: D:4-7

Altars:

Shops:
D:2 [

Annotations:
D:4 Eustachio


Innate Abilities, Weirdness & Mutations

You are too large for most types of armour.
You have tough skin. (AC +1)


Message History

The magic dart hits the water moccasin skeleton.
You destroy the water moccasin skeleton!
Your Stealth skill increases to level 2!
w - a scroll labelled XECYRCH VUTTAN
Things that are here:
a +0 dagger; an orc corpse
Okay, then.
Okay, then.
Okay, then.
Eustachio is nearby!
A kobold comes into view.
It is wielding a +0 short sword and quivering poisoned darts.
The kobold shouts!
The kobold throws a poisoned dart.
The poisoned dart hits you!
You are poisoned.
Found a plate armour.
You feel sick.
The kobold throws a poisoned dart.
The poisoned dart barely misses you.
You feel sick.
You feel sick.
You feel sick.
A kobold comes into view.
It is wielding a +0 dagger, quivering poisoned darts and carrying a wand of acid (9).
You feel sick.
You feel sick.
You feel sick.
You are no longer poisoned.
The kobold shouts!
The kobold hits you with a +0 dagger.
* * * LOW HITPOINT WARNING * * *
There is a stone staircase leading up here.
Eustachio yells, "Perjured traitor, DIE!"
You climb upwards.
There is a stone staircase leading down here.
Casting: Magic Dart (safe; 8% risk of failure)
Confirm with . or Enter, or press ? or * to list all spells.
You blink.
The kobold zaps a wand.
The bolt of acid misses you.
Casting: Blink (safe; 12% risk of failure)
Confirm with . or Enter, or press ? or * to list all spells.
A beastly little devil appears in a puff of frigid air.
The kobold zaps a wand.
The bolt of acid hits you!!!
Ouch! That really hurt!
You die...

#.#
####.....#≈.....≈# #
#.# #####.'≈.....≈# #
#.# ###≈.....≈#
###### ###.#
#≈.....≈###.....
....#
####≈≈≈≈≈≈≈#.......
.####
#..##########.#####
†# ###....## #.#####
.# #.§.....# #.##...
.# #.K.@5..# ##.##.##
.# #.......# ##..##.#
.#
###....######......##
.#
#....###...........
.#
##.#............###
.# #.....#.###.##.#
.# ###.....# #.##.#
.# ##.#### #.##.# .#
#.# #.##.#


You could see a kobold (ally target) and a friendly white imp (summoned).

Vanquished Creatures
  A water moccasin skeleton (D:4)
  Natasha (twice) (D:2)
  3 adders
  A dart slug (D:1)
  2 orcs
  8 bats
  5 endoplasms
  6 giant cockroaches
  3 goblins (D:1)
  6 hobgoblins
  2 kobolds
  3 quokkas
  5 ball pythons
  4 frilled lizards
  9 rats
60 creatures vanquished.

Vanquished Creatures (collateral kills)
  A worm (D:3)
1 creature vanquished.

Grand Total: 61 creatures vanquished

Notes
Turn   | Place    | Note
-------+----------+-------------------------------------------
     0 | D:1      | Ashen the Ogre Hedge Wizard began the quest for the Orb.
     0 | D:1      | Reached XP level 1. HP: 16/16 MP: 5/5
    83 | D:1      | Reached skill level 1 in Translocations
   208 | D:1      | Reached skill level 1 in Conjurations
   208 | D:1      | Reached skill level 1 in Summonings
   423 | D:1      | Reached XP level 2. HP: 24/24 MP: 1/6
  1482 | D:1      | Reached XP level 3. HP: 32/32 MP: 4/8
  1761 | D:2      | Reached skill level 1 in Fighting
  1879 | D:2      | Learned a level 2 spell: Blink
  1882 | D:2      | Learned a level 2 spell: Call Imp
  1886 | D:2      | Learned a level 3 spell: Mephitic Cloud
  1996 | D:2      | Reached skill level 4 in Spellcasting
  2167 | D:2      | Noticed Natasha
  2193 | D:2      | Killed Natasha
  2194 | D:2      | Reached skill level 1 in Maces & Flails
  2194 | D:2      | Reached XP level 4. HP: 18/41 MP: 6/10
  2581 | D:2      | Found Vonag's Antique Armour Boutique.
  2843 | D:2      | Noticed Natasha
  2854 | D:2      | Killed Natasha
  3138 | D:3      | Reached XP level 5. HP: 48/48 MP: 4/11
  4338 | D:4      | Noticed Eustachio
  4444 | D:4      | Identified the +1 hunting sling of Mipag {freeze, MP+9}
  4451 | D:3      | Killed from afar by a kobold

Illustrated notes

Levels and vault maps discovered:
D:1:      lordsloth_arrival_two_stooges, layout_loops_corners
D:2:      layout_loops_ring, serial_shops, shop, grunt_ministairs_15,
          uniq_natasha
D:3:      layout_loops_ring, grunt_decor_mini_mirrors, dk_vineyard_1
D:4:      layout_loops_ring, nicolae_overflow_hidden_temple, uniq_eustachio,
          uniq_ijyb

Skill      XL: |  1  2  3  4  5 |
---------------+----------------+-----
Translocations | 1 |  1.6
Conjurations   | 1 |  1.7
Summonings     | 1 |  1.7
Dodging        | 2 |  2.4
Fighting       | 1 |  1.9
Spellcasting   | 4 |  4.5
Maces & Flails | 1 |  1.3
Stealth        | 2 |  2.0

Action                   |  1- 3 |  4- 6 || total
-------------------------+-------+-------++-------
Melee: Dagger            |     5 |       ||     5
       Club              |    23 |    37 ||    60
 Cast: Magic Dart        |    78 |    95 ||   173
       Call Imp          |     2 |     4 ||     6
       Blink             |       |     1 ||     1
  Use: Scroll            |     3 |     1 ||     4
 Stab: Sleeping          |     2 |     2 ||     4
Armor: Robe              |    16 |    20 ||    36
Dodge: Dodged            |    33 |    38 ||    71
